 Dungeon Crawl Stone Soup version 0.19.5 (webtiles) character file.

4000 tidbits the Commander (level 10, -9/64 (65) HPs)
             Began as a High Elf Necromancer on Dec 13, 2017.
             Was a High Priest of Okawaru.
             Mangled by a hill giant
             ... wielding a +0 giant club
              (32 damage)
             ... on level 10 of the Dungeon.
             The game lasted 01:01:22 (4266 turns).

tidbits the Commander (High Elf Necromancer)        Turns: 4266, Time: 01:01:23

HP:   -9/64 (65)    AC:  5    Str: 10    XL:     10   Next: 3%
MP:   3/19          EV: 23    Int: 19    God:    Okawaru [*****.]
Gold: 493           SH:  0    Dex: 20    Spells: 9 memorised, 1 level left

rFire  . . .     SeeInvis .     a - +9 dagger "Muot" {venom, Dex+3}
rCold  . . .     Gourm    .     B - +0 robe {rN+}
rNeg   + . .     Faith    +     (no shield)
rPois  .         Spirit   .     (no helmet)
rElec  .         Reflect  .     (no cloak)
rCorr  .         Harm     .     G - +0 pair of gloves
MR     +....                    (no boots)
Stlth  ++++......               o - amulet of faith
                                V - +2 ring of evasion
                                U - +2 ring of protection

@: heroism, repel missiles
A: no striking features
a: Heroism, Finesse, Renounce Religion


You were on level 10 of the Dungeon.
You worshipped Okawaru.
Okawaru was extremely pleased with you.
You were not hungry.

You visited 1 branch of the dungeon, and saw 11 of its levels.

You collected 599 gold pieces.
You spent 106 gold pieces at shops.

Inventory:

Hand Weapons
 a - the +9 dagger "Muot" (weapon) {venom, Dex+3}
   (You found it on level 4 of the Dungeon)

   It poisons the flesh of those it strikes.
   It affects your dexterity (+3).
 m - a +2 rapier of speed
   (You took it off Duvessa on level 5 of the Dungeon)
 w - a +0 hunting sling
   (You took it off a goblin on level 3 of the Dungeon)
 K - a +2 dagger of flaming
   (You found it on level 2 of the Dungeon)
 S - a +0 shortbow
   (You took it off a centaur on level 9 of the Dungeon)
 W - a +0 scimitar
   (You took it off an orc warrior on level 11 of the Dungeon)
Missiles
 y - 50 bolts
 C - 6 tomahawks (quivered)
 I - 88 sling bullets
 N - 96 arrows
 Z - 7 javelins
Armour
 B - a +0 robe of positive energy (worn)
   (You took it off an orc wizard on level 9 of the Dungeon)
 G - a +0 pair of gloves (worn)
   (You found it on level 1 of the Dungeon)
 M - a +0 shield
   (You found it on level 9 of the Dungeon)
 R - a +0 ring mail
   (You found it on level 7 of the Dungeon)
Jewellery
 o - an amulet of faith (around neck)
   (You found it on level 1 of the Dungeon)
 v - an uncursed ring of protection from cold
   (You found it on level 9 of the Dungeon)
 A - an uncursed ring of flight
   (You found it on level 10 of the Dungeon)
 O - an uncursed ring of protection from magic
   (You found it on level 6 of the Dungeon)
 U - a +2 ring of protection (left hand)
   (You took it off a goblin on level 1 of the Dungeon)
 V - a +2 ring of evasion (right hand)
   (You found it on level 4 of the Dungeon)
Wands
 p - a wand of lightning (0/15)
   (You found it on level 2 of the Dungeon)
 z - a wand of iceblast (2/15)
   (You found it on level 10 of the Dungeon)
Scrolls
 d - 2 scrolls of immolation
 g - a scroll of fog {unknown}
 k - 3 scrolls of teleportation
 r - 6 scrolls of remove curse
 s - a scroll of magic mapping {unknown}
 u - a scroll of acquirement {unknown}
 D - 2 scrolls of noise {unknown}
 P - 3 scrolls of blinking
 Q - 4 scrolls of enchant weapon
 X - a scroll of recharging {unknown}
 Y - a scroll of fear {unknown}
Potions
 b - a potion of brilliance {unknown}
 e - a potion of berserk rage {unknown}
 f - 2 potions of heal wounds
 i - 3 potions of magic
 j - 3 potions of curing
 q - 3 potions of haste {unknown}
 t - 2 potions of cancellation {unknown}
 x - 4 potions of agility {unknown}
 E - 2 potions of degeneration {unknown}
 H - 2 potions of lignification
 J - a potion of resistance {unknown}
 L - 3 potions of flight
 T - a potion of mutation {unknown}
Books
 h - a book of Misfortune
   (You found it on level 9 of the Dungeon)

   Spells                             Type                      Level
   a - Confusing Touch                Hexes                        1
   b - Confuse                        Hexes                        3
   c - Gell's Gravitas                Hexes/Translocation          3
   d - Petrify                        Transmutation/Earth          4
   e - Metabolic Englaciation         Hexes/Ice                    5
   f - Yara's Violent Unravelling     Hexes/Transmutation          5
 l - a book of Necromancy

   Spells                             Type                      Level
   a - Pain                           Necromancy                   1
   b - Animate Skeleton               Necromancy                   1
   c - Vampiric Draining              Necromancy                   3
   d - Regeneration                   Charms/Necromancy            3
   e - Animate Dead                   Necromancy                   4
   f - Control Undead                 Necromancy                   4
 F - a book of Air
   (You found it on level 4 of the Dungeon)

   Spells                             Type                      Level
   a - Shock                          Conjuration/Air              1
   b - Swiftness                      Charms/Air                   2
   c - Repel Missiles                 Charms/Air                   2
   d - Static Discharge               Conjuration/Air              3
   e - Lightning Bolt                 Conjuration/Air              5
Comestibles
 c - 6 bread rations


   Skills:
 - Level 4.8(9.8) Fighting
 - Level 5.5(10.5) Dodging
 - Level 2.1(7.1) Stealth
 - Level 5.5 Spellcasting
 - Level 4.5 Conjurations
 + Level 2.8 Hexes
 - Level 2.7 Charms
 - Level 4.9 Necromancy
 - Level 6.9 Air Magic
 + Level 7.7 Invocations


You had one spell level left.
You knew the following spells:

 Your Spells              Type           Power        Failure   Level  Hunger
a - Pain                  Necr           ###.         1%          1    None
c - Confuse               Hex            ###.....     12%         3    ##.....
d - Static Discharge      Conj/Air       ####....     3%          3    ##.....
m - Repel Missiles        Chrm/Air       ###...       2%          2    None
n - Animate Skeleton      Necr           N/A          1%          1    None
r - Regeneration          Chrm/Necr      ###.......   10%         3    ##.....
v - Vampiric Draining     Necr           ###.......   6%          3    ##.....
z - Shock                 Conj/Air       ####         1%          1    None
W - Swiftness             Chrm/Air       ###.....     2%          2    None


Dungeon Overview and Level Annotations

Branches:
Dungeon (11/15)            Temple (0/1) D:6            Lair (0/6) D:10
    Orc (0/2) D:10

Altars:
Ashenzari
Nemelex Xobeh
Okawaru
Qazlal

Shops:
D:4 *

Annotations:
D:3 Robin
D:10 Erica, Sonja, Urug
D:11 exclusion: hydra


Message History

Urug easily resists.
Urug throws a javelin.
The javelin misses you.
Casting: Confuse
Confirm with . or Enter, or press ? or * to list all spells.
Aiming: Confuse
Press: ? - help, Shift-Dir - straight line, f/p - Urug
Aim: Urug, wielding an enchanted long sword and wearing a chain mail (chance to defeat MR: 28%) Urug easily resists.
Throwing (i - inventory. (,) - cycle):
n - a throwing net (quivered)
{!f}
Press: ? - help, Shift-Dir - straight line, f/p - Urug
Aim: Urug, wielding an enchanted long sword and wearing a chain mail Really fire
n - a throwing net {!f}?
You throw a throwing net {!f}.
The throwing net {!f} closely misses Urug.
Urug hits you with an enchanted long sword.
As you read the scroll of teleportation, it crumbles to dust.
You feel strangely unstable.
You closely miss Urug. Urug misses you.
You hit Urug but do no damage.
Urug is poisoned.
Urug misses you.
You hit Urug.
Urug is lightly wounded.
Your surroundings suddenly seem different.
Found 28 arrows.
Casting: Confuse
Confirm with . or Enter, or press ? or * to list all spells.
Your skin crawls.
You see here 28 arrows.
N - 96 arrows (gained 28)
You feel like a meek peon again.
Your magical contamination has completely faded away.
Erica the Fiery-Tempered comes into view.
She is wielding a scimitar of flaming.
Press: ? - help, v - describe, . - travel
Here: Erica, wielding a scimitar of flaming and wearing a robe (resting)
The floor.
Placed new exclusion.
Your skin is crawling a little less now.
Found a staircase to the Lair.
Okay, then.
There is a staircase to the Lair here.
Your skin stops crawling.
Found a plate armour.
Found 16 gold pieces and a scroll of teleportation.
There is an open door here.
You see here 16 gold pieces.
You now have 493 gold pieces (gained 16).
A hill giant comes into view. It is wielding a giant club.
You see here a scroll of teleportation.
k - 3 scrolls of teleportation (gained 1)
The hill giant shouts!
You gain the combat prowess of a mighty hero.
Casting: Regeneration
Confirm with . or Enter, or press ? or * to list all spells.
Aiming: Shock
Press: ? - help, Shift-Dir - straight line, f - hill giant
Aim: a hill giant, wielding a giant club The zap hits the hill giant.
The hill giant is lightly wounded.
Casting: Shock
Confirm with . or Enter, or press ? or * to list all spells.
Aiming: Shock
Press: ? - help, Shift-Dir - straight line, p - hill giant The zap hits the hill giant.
The hill giant is lightly wounded.
The zap hits the hill giant.
The hill giant is lightly wounded.
You puncture the hill giant!
The hill giant is moderately wounded.
You hit the hill giant.
The hill giant is poisoned.
The hill giant is moderately wounded.
The hill giant closely misses you.
You hit the hill giant.
The hill giant is heavily wounded.
You puncture the hill giant!
The hill giant is severely wounded.
The hill giant hits you with a giant club!!
Casting: Shock
Confirm with . or Enter, or press ? or * to list all spells.
Aiming: Vampiric Draining
Press: ? - help, Shift-Dir - straight line, f - hill giant
Aim: a hill giant, wielding a giant club (severely wounded, poisoned)
The hill giant is severely wounded.
You feel life coursing into your body.
The hill giant hits you with a giant club!!
* * * LOW HITPOINT WARNING * * *
Casting: Vampiric Draining
Confirm with . or Enter, or press ? or * to list all spells.
Okay, then.
A centaur comes into view.
Evoke which item? (* to show all) (? for menu, Esc to quit)
Zapping:
p - a wand of lightning (1/15)
Press: ? - help, Shift-Dir - straight line, f/p - hill giant
Aim: a hill giant, wielding a giant club (almost dead, poisoned)
You hear a mighty clap of thunder!
The bolt of lightning hits the hill giant.
The hill giant is almost dead.
This wand has 0 charges left.
The centaur shouts!
You hear a shout! x2
The hill giant looks more healthy.
The hill giant hits you with a giant club!!
Ouch! That really hurt!
You die...

###'#### ##. #......#
#.. #..[...# ##.####
#......# #.....#
#......#### #.....#
#......'..#####.....#
#......##....##......
#....C.#####........#
#...@..# ####.....#
#####'## ##.#### ..#
#....# .### ####+# .#
.. #c # . # . # #..


You could see a hill giant.

Vanquished Creatures
  A hill giant (D:9)
  Grinder (D:5)
  A hungry ghost (D:9)
  2 wargs (D:10)
  Duvessa (D:5)
  2 orc warriors
  An ice beast (D:9)
  A sky beast (D:6)
  A hornet zombie (D:8)
  A necrophage (D:10)
  2 ogres
  2 centaurs
  5 bullfrogs
  A big kobold (D:9)
  2 gnoll sergeants (D:9)
  Dowan (D:5)
  3 scorpions
  A bullfrog zombie (D:8)
  3 crimson imps
  9 hounds
  A jelly (D:10)
  7 orc wizards
  2 orc priests (D:8)
  2 gnoll shamans
  2 quasits
  An iguana (D:11)
  4 worker ants
  A hound skeleton (D:4)
  8 gnolls (D:9)
  8 adders
  2 oozes
  3 worms (D:2)
  A dart slug (D:2)
  A leopard gecko (D:1)
  18 orcs
  2 ball pythons
  3 bats
  8 giant cockroaches
  10 hobgoblins
  3 jackals (D:4)
  10 kobolds
  2 quokkas
  4 frilled lizards
  8 goblins
  A quokka skeleton (D:9)
  6 rats
159 creatures vanquished.

Vanquished Creatures (collateral kills)
  2 bullfrogs
  A wyvern skeleton (D:7)
  A rat (D:1)
4 creatures vanquished.

Grand Total: 163 creatures vanquished

Notes
Turn   | Place    | Note
-------+----------+-------------------------------------------
     0 | D:1      | tidbits the High Elf Necromancer began the quest for the Orb.
     0 | D:1      | Reached XP level 1. HP: 11/11 MP: 4/4
   244 | D:2      | Reached skill level 3 in Spellcasting
   244 | D:2      | Reached XP level 2. HP: 7/17 MP: 0/7
   247 | D:2      | Learned a level 1 spell: Animate Skeleton
   427 | D:1      | Reached XP level 3. HP: 7/21 MP: 5/8
   432 | D:1      | Learned a level 3 spell: Vampiric Draining
   436 | D:1      | Learned a level 3 spell: Regeneration
   742 | D:2      | Reached skill level 4 in Necromancy
   791 | D:2      | Found a faded altar of an unknown god.
   791 | D:2      | Found an iron altar of Okawaru.
   796 | D:2      | Found a shattered altar of Ashenzari.
   798 | D:2      | Found a faded altar of an unknown god.
   799 | D:2      | Found a stormy altar of Qazlal.
   810 | D:2      | Became a worshipper of Warmaster Okawaru
   853 | D:3      | Reached XP level 4. HP: 20/27 MP: 3/10
  1055 | D:4      | Reached skill level 4 in Spellcasting
  1168 | D:3      | Found a sparkling altar of Nemelex Xobeh.
  1251 | D:3      | Reached XP level 5. HP: 22/31 MP: 2/12
  1261 | D:3      | Noticed Robin
  1474 | D:4      | Found Qayhan's Assorted Antiques.
  1487 | D:4      | Bought a scroll labeled TENIVV AL KONT for 28 gold pieces
  1487 | D:4      | Bought a scroll labeled TENIVV AL KONT for 28 gold pieces
  1487 | D:4      | Bought a lumpy brown potion for 25 gold pieces
  1487 | D:4      | Bought a fizzy inky potion for 25 gold pieces
  1533 | D:4      | Learned a level 2 spell: Repel Missiles
  1536 | D:4      | Learned a level 1 spell: Shock
  1539 | D:4      | Learned a level 2 spell: Swiftness
  1586 | D:4      | Found a shattered altar of Ashenzari.
  1630 | D:4      | Got a slimy dagger
  1631 | D:4      | Identified the +9 dagger "Muot" {venom, Dex+3} (You found it on level 4 of the Dungeon)
  1687 | D:5      | Entered Level 5 of the Dungeon
  1687 | D:5      | Noticed Grinder
  1699 | D:5      | Killed Grinder
  1699 | D:5      | Reached * piety under Okawaru
  1699 | D:5      | Reached skill level 4 in Air Magic
  1699 | D:5      | Reached XP level 6. HP: 36/36 MP: 13/13
  1806 | D:4      | Reached skill level 1 in Invocations
  1814 | D:4      | Reached skill level 2 in Invocations
  1921 | D:5      | Noticed Duvessa
  1923 | D:5      | Noticed Dowan
  1934 | D:5      | Killed Duvessa
  1934 | D:5      | Reached ** piety under Okawaru
  1934 | D:5      | Reached skill level 1 in Conjurations
  1934 | D:5      | Reached XP level 7. HP: 31/41 MP: 6/14
  1940 | D:5      | Killed Dowan
  1940 | D:5      | Reached skill level 2 in Conjurations
  1940 | D:5      | Reached skill level 5 in Air Magic
  2112 | D:6      | Found a staircase to the Ecumenical Temple.
  2177 | D:6      | Reached skill level 3 in Conjurations
  2234 | D:6      | Reached skill level 6 in Air Magic
  2285 | D:6      | Found a sparkling altar of Nemelex Xobeh.
  2354 | D:7      | Reached skill level 4 in Conjurations
  2354 | D:7      | Reached XP level 8. HP: 25/46 MP: 13/15
  2438 | D:7      | Learned a level 3 spell: Static Discharge
  2575 | D:8      | Reached *** piety under Okawaru
  2575 | D:8      | Reached skill level 1 in Fighting
  2582 | D:7      | Reached skill level 3 in Dodging
  2587 | D:7      | Reached skill level 2 in Fighting
  2660 | D:7      | Reached skill level 4 in Dodging
  2723 | D:7      | Reached skill level 3 in Fighting
  2862 | D:8      | Reached skill level 4 in Fighting
  2921 | D:8      | Reached skill level 5 in Dodging
  2921 | D:8      | Reached skill level 1 in Charms
  2949 | D:8      | Reached **** piety under Okawaru
  3124 | D:9      | Reached XP level 9. HP: 55/59 MP: 12/16
  3131 | D:9      | Reached skill level 2 in Charms
  3247 | D:9      | Reached skill level 3 in Invocations
  3278 | D:9      | Reached skill level 4 in Invocations
  3545 | D:9      | Reached skill level 5 in Invocations
  3570 | D:10     | Entered Level 10 of the Dungeon
  3570 | D:10     | Noticed Sonja
  3570 | D:10     | Noticed a hill giant
  3626 | D:9      | Killed a hill giant
  3626 | D:9      | Reached skill level 6 in Invocations
  3649 | D:9      | Reached skill level 7 in Invocations
  3760 | D:9      | HP: 4/60 [wraith (14)]
  3895 | D:11     | Reached skill level 5 in Spellcasting
  3963 | D:11     | Noticed a five-headed hydra
  3969 | D:11     | Learned a level 3 spell: Confuse
  4005 | D:10     | Found a sparkling altar of Nemelex Xobeh.
  4062 | D:10     | Received a gift from Okawaru
  4062 | D:10     | Reached skill level 1 in Hexes
  4083 | D:10     | Reached skill level 2 in Hexes
  4101 | D:10     | Reached ***** piety under Okawaru
  4101 | D:10     | Reached XP level 10. HP: 35/64 MP: 7/19
  4111 | D:10     | Found a staircase to the Orcish Mines.
  4160 | D:10     | Noticed Urug
  4210 | D:10     | Noticed Erica
  4211 | D:10     | Found a staircase to the Lair.
  4246 | D:10     | Noticed a hill giant
  4266 | D:10     | Mangled by a hill giant

Skill      XL: |  1  2  3  4  5  6  7  8  9 |
---------------+----------------------------+-----
Spellcasting   | 3 4 5 |  5.5
Necromancy     | 4 |  4.9
Air Magic      | 4 6 |  6.9
Invocations    | 2 7 |  7.7
Conjurations   | 1 4 |  4.5
Fighting       | 4 |  4.8
Dodging        | 5 |  5.5
Charms         | 1 2 |  2.7
Hexes          | 2 |  2.8
Stealth        | |  2.1

Action                   |  1- 3 |  4- 6 |  7- 9 | 10-12 || total
-------------------------+-------+-------+-------+-------++-------
Melee: Rapier            |     1 |       |       |       ||     1
       Dagger            |    16 |    42 |   241 |    18 ||   317
       Unarmed           |     7 |       |       |       ||     7
       Punch             |       |       |     4 |       ||     4
Throw: Throwing net      |     3 |       |       |     1 ||     4
       Tomahawk          |       |     2 |       |       ||     2
 Cast: Pain              |    63 |    39 |    34 |       ||   136
       Animate Skeleton  |     2 |     4 |    10 |       ||    16
       Regeneration      |     3 |     3 |    17 |     2 ||    25
       Vampiric Draining |       |     4 |     2 |     2 ||     8
       Repel Missiles    |       |     1 |       |     1 ||     2
       Shock             |       |     3 |    34 |     2 ||    39
       Static Discharge  |       |       |     6 |       ||     6
       Confuse           |       |       |       |     3 ||     3
Invok: Heroism           |       |     1 |    17 |     2 ||    20
Evoke: Wand              |       |     5 |     2 |     1 ||     8
  Use: Scroll            |     4 |     4 |     6 |     1 ||    15
       Potion            |     1 |     1 |     2 |       ||     4
 Stab: Held in net/web   |     1 |       |       |       ||     1
       Sleeping          |       |     3 |     6 |       ||     9
  Eat: Chunk             |     1 |     4 |     6 |       ||    11
       Beef jerky        |       |       |     1 |       ||     1
       Royal jelly       |       |       |     1 |       ||     1
       Pizza             |       |       |     1 |       ||     1
Armor: Robe              |     3 |     9 |    37 |     2 ||    51
       Skin              |    16 |     5 |       |       ||    21
Dodge: Dodged            |    10 |    29 |   192 |    13 ||   244
       Deflected         |       |       |     4 |       ||     4

Table legend:
 A = Turns spent in this place as a percentage of turns spent in the entire game.
 B = Non-inter-level travel turns spent in this place as a percentage of non-inter-level travel turns spent in the entire game.
 C = Inter-level travel turns spent in this place as a percentage of turns spent in this place.
 D = Turns resting spent in this place as a percentage of non-inter-level travel turns spent in this place.
 E = Turns spent auto-exploring this place as a percentage of non-inter-level travel turns spent in this place.
 F = Non-inter-level travel turns spent in this place divided by the number of levels of this place that you've seen.
                   A       B       C       D       E      F
               +-------+-------+-------+-------+-------+----------------------
         Total | 100.0 | 100.0 |   0.1 |   0.1 |   0.0 | 391.0
       Dungeon | 100.0 | 100.0 |   0.1 |   0.1 |   0.0 | 391.0
               +-------+-------+-------+-------+-------+----------------------

Table legend:
 A = Kills in this place as a percentage of kills in entire the game.
 B = Kills by you in this place as a percentage of kills by you in the entire game.
 C = Kills by friends in this place as a percentage of kills by friends in the entire game.
 D = Other kills in this place as a percentage of other kills in the entire game.
 E = Experience gained in this place as a percentage of experience gained in the entire game.
 F = Experience gained in this place divided by the number of levels of this place that you have seen.
                   A       B       C       D       E      F
               +-------+-------+-------+-------+-------+----------------------
         Total | 100.0 | 100.0 | 100.0 |  -nan | 100.0 | 519.5
       Dungeon | 100.0 | 100.0 | 100.0 |  -nan | 100.0 | 519.5
               +-------+-------+-------+-------+-------+----------------------

Vault maps used:
D:1:      lightli_arrival_boilingwater, interstate_on_off
D:2:      chequers_temple_overflow_minitemple, corexii_item_surrounded_by_moat
D:3:      nemelex_lonely_heart_becter, uniq_robin
D:4:      first_bread, serial_shops, nicolae_shop_overgrown_old_shop,
          nicolae_ashenzari_panopticon
D:5:      kennysheep_mini, uniq_duvessa, uniq_grinder
D:6:      nemelex_altar_shiori, minmay_temple_entry_large_hall
D:8:      basic_altar, the_bakery
D:9:      kennysheep_housing_project
D:10:     lair_0_dummy, david_orc_3, basic_altar, uniq_erica, uniq_erolcha,
          uniq_sonja, uniq_urug
